 Dungeon Crawl Stone Soup version 0.28-a0-1292-gb4563b27b3 (webtiles) character file.

Game seed: 963465679397261922

375 Peloso the Covered (level 6, -5/55 HPs)
             Began as a Minotaur Fighter on Dec 27, 2021.
             Slain by an ogre (14 damage)
             ... on level 4 of the Dungeon.
             The game lasted 00:03:01 (2269 turns).

Peloso the Covered (Minotaur Fighter)               Turns: 2269, Time: 00:03:02

Health: -5/55      AC: 13    Str: 20    XL:     6   Next: 44%
Magic:  5/5        EV:  8    Int:  5    God:
Gold:   74         SH:  5    Dex: 12    Spells: 5/5 levels left

rFire   . . .      SeeInvis .   a - +0 long sword
rCold   . . .      Faith    .   c - +0 buckler
rNeg    . . .      Spirit   .   m - +3 chain mail
rPois   +          Reflect  .   (helmet restricted)
rElec   .          Harm     .   (no cloak)
rCorr   .          Rampage  .   (no gloves)
Will    .....                   (no boots)
Stlth   ..........              (no amulet)
HPRegen 0.18/turn               j - ring of poison resistance
MPRegen 0.09/turn               (no ring)

@: mighty
A: horns 2, retaliatory headbutt
a: no special abilities


You were on level 4 of the Dungeon.
You visited 1 branch of the dungeon, and saw 4 of its levels.

You collected 74 gold pieces.

Inventory:

Hand Weapons
 a - a +0 long sword (weapon)
Armour
 b - a +0 scale mail
 c - a +0 buckler (worn)
 m - a +3 chain mail (worn)
Jewellery
 j - a ring of poison resistance (left hand)
Scrolls
 g - a scroll of identify
 l - a scroll of brand weapon
Potions
 e - 2 potions of curing {unknown}
 f - 2 potions of ambrosia {unknown}
 h - a potion of resistance {unknown}
 i - a potion of heal wounds {unknown}
 k - a potion of magic {unknown}


   Skills:
 + Level 4.8 Fighting
 + Level 5.3 Long Blades
 + Level 5.8 Armour
 + Level 1.4 Dodging
 + Level 0.1 Stealth
 + Level 4.3 Shields


You had 5 spell levels left.
You didn't know any spells.
Your spell library was empty.

Dungeon Overview and Level Annotations

Branches:
Dungeon (4/15)
 Temple: D:4-7

Altars:

Annotations:
D:3 Grinder


Innate Abilities, Weirdness & Mutations

You have a pair of horns on your head.
You reflexively headbutt those who attack you in melee.


Message History

You hit the ball python.
You kill the ball python!
Things that are here:
a +0 flail; a ball python corpse; an orc corpse
Items here: )) [ †.
An ogre comes into view. It is wielding a +0 giant spiked club.
Things that are here:
a +0 club; a +0 scale mail You aren't carrying any items that you can evoke.
Unknown command.
Items here: )) [ †.
An ogre comes into view. It is wielding a +0 giant spiked club.
The ogre shouts!
A ball python comes into view.
The ball python hisses angrily.
You feel very mighty all of a sudden. The ball python misses you.
The ball python grabs you. The ball python constricts you.
You barely miss the ogre. Your headbutt misses the ogre.
The ball python barely misses you. The ball python constricts you.
The ogre closely misses you. You furiously retaliate!
You headbutt the ogre!! The ball python bites you.
The ball python constricts you.
You barely miss the ogre.
The ogre is almost dead.
The ogre hits you with a +0 giant spiked club!
The ball python closely misses you. You furiously retaliate!
You headbutt the ball python!
You kill the ball python!
You hit the ogre.
You kill the ogre!
Things that are here:
a +0 giant spiked club; an ogre corpse You slash the ogre!
Your headbutt misses the ogre.
The ogre is heavily wounded.
The ogre hits you with a +0 giant spiked club!
* * * LOW HITPOINT WARNING * * *
You slash the ogre!
The ogre is almost dead.
The ogre hits you with a +0 giant spiked club!
You die...

#.....#...).......)...
#..###))#.......#..#
##.....###.....###..
##.......#..###O.# ..
#............#..... .
###.....#.........#..
##...##.........# .
#..##†O...#.........#
#....@........#.....
#.#.......#..###..#..
# ##.....## . ..###..#
#.. .... ### ...#. ..#
.#


You could see an ogre.

Vanquished Creatures
  An ice beast (D:3)
  An ogre (D:4)
  A water moccasin skeleton (D:3)
  An orc priest (D:4)
  Natasha (twice) (D:2)
  2 adders
  A worm (D:4)
  4 orcs (D:4)
  7 ball pythons
  3 bats
  6 endoplasms
  3 giant cockroaches
  3 goblins (D:1)
  4 hobgoblins
  3 jackals (D:1)
  2 quokkas (D:4)
  3 frilled lizards (D:1)
  2 kobolds
  4 rats
53 creatures vanquished.

Notes
Turn   | Place    | Note
-------+----------+-------------------------------------------
     0 | D:1      | Peloso the Minotaur Fighter began the quest for the Orb.
     0 | D:1      | Reached XP level 1. HP: 19/19 MP: 0/0
   116 | D:1      | Reached XP level 2. HP: 25/27 MP: 1/1
   893 | D:2      | Noticed Natasha
   899 | D:2      | Killed Natasha
   900 | D:2      | Reached XP level 3. HP: 27/33 MP: 2/2
   951 | D:2      | Noticed Natasha
   962 | D:2      | Killed Natasha
   963 | D:2      | Reached XP level 4. HP: 23/40 MP: 3/3
  1568 | D:3      | Reached skill level 5 in Armour
  1568 | D:3      | Reached XP level 5. HP: 47/47 MP: 4/4
  1803 | D:3      | Noticed an ice beast
  1829 | D:3      | Killed an ice beast
  1830 | D:3      | Reached skill level 1 in Dodging
  1980 | D:3      | Noticed Grinder
  2247 | D:4      | Reached XP level 6. HP: 30/53 MP: 5/5
  2251 | D:4      | Reached skill level 5 in Long Blades
  2269 | D:4      | Slain by an ogre

Illustrated notes

Levels and vault maps discovered:
D:1:      dpeg_arrival_arbitrary_c, layout_loops_ring
D:2:      layout_loops_ring, uniq_natasha
D:3:      layout_rooms, uniq_grinder
D:4:      nicolae_cairo_tiling_large_dashed, layout_basic, serial_glass,
          glass_columns_b, glass_columns_b

Skill      XL: |  1  2  3  4  5  6 |
---------------+-------------------+-----
Fighting       | 4 |  4.8
Armour         | 4 5 |  5.8
Long Blades    | 3 4 5 |  5.3
Shields        | 4 |  4.3
Dodging        | 1 |  1.4
Stealth        | |  0.1

Action                   |  1- 3 |  4- 6 || total
-------------------------+-------+-------++-------
Melee: Long sword        |    59 |    68 ||   127
       Headbutt          |    13 |    13 ||    26
  Use: Scroll            |       |     1 ||     1
       Potion            |       |     1 ||     1
Armor: Scale mail        |    26 |    20 ||    46
       Chain mail        |       |     3 ||     3
Dodge: Dodged            |    17 |    37 ||    54
Block: Buckler           |    10 |    15 ||    25

Table legend: (Time is in decaauts)
 A = Elapsed time spent in this place.
 B = Non-inter-level travel time spent in this place.
 C = Inter-level travel time spent in this place.
 D = Time resting spent in this place.
 E = Time spent auto-exploring this place.
 F = Levels seen in this place.
 G = Mean time per level.
                   A        B        C        D        E       F      G
               +--------+--------+--------+--------+--------+-----+--------+
         Total |   2309 |   2289 |     20 |      0 |   1855 |   4 |  577.2 |
       Dungeon |   2309 |   2289 |     20 |      0 |   1855 |   4 |  577.2 |
               +--------+--------+--------+--------+--------+-----+--------+

Top non-repeatable levels by time:
     D:2: 856 daAuts
     D:1: 711 daAuts
     D:3: 473 daAuts
     D:4: 267 daAuts
